Map: Orbital Shipyard

Players

NoPinSea (Probe) - Winner!

  • Race: Protoss Protoss
  • League: Master

KingkOng

  • Race: Zerg Zerg
  • League: Grandmaster

Event: 2016 WCS Winter Challenger Oceania SEA

VOD

Have the link to the VOD?

Description

Time

  • Played on: Feb. 12, 2016, 8:27 p.m.
  • Length: 16:12

All games in this series

Show
View Real Time Build Order
Export as new Build Order

NoPinSea Protoss - Winner!

Build Orders: 1 Gate Expand, Dark Templar Rush 

Get SALT Encoding   

  12  0:00  Probe (Chrono Boost)  
  13  0:11  Probe (Chrono Boost)  
  14  0:20  Pylon  
  14  0:22  Probe (Chrono Boost)  
  15  0:38  Probe (Chrono Boost)  
  15  0:39  Gateway  
  16  0:45  Assimilator  
  16  0:48  Probe (Chrono Boost)  
  17  0:59  Probe (Chrono Boost)  
  18  1:09  Probe (Chrono Boost)  
  19  1:21  Nexus  
  19  1:34  Probe (Chrono Boost)  
  19  1:35  Cybernetics Core  
  20  1:44  Assimilator  
  20  1:45  Probe (Chrono Boost)  
  21  1:52  Pylon  
  21  1:55  Probe (Chrono Boost)  
  22  2:06  Probe (Chrono Boost)  
  23  2:11  Stalker (Chrono Boost)  
  23  2:12  Warp Gate (Chrono Boost)  
  25  2:17  Probe  
  26  2:29  Probe  
  27  2:33  Probe, Twilight Council  
  28  2:41  Probe (Chrono Boost)  
  28  2:43  Stalker (Chrono Boost)  
  31  2:45  Probe (Chrono Boost)  
  32  2:53  Probe (Chrono Boost)  
  32  2:56  Probe (Chrono Boost)  
  34  3:03  Probe (Chrono Boost)  
  35  3:06  Probe (Chrono Boost)  
  35  3:11  Dark Shrine  
  36  3:14  Probe (Chrono Boost)  
  36  3:15  Probe (Chrono Boost)  
  36  3:17  Adept  
  40  3:25  Probe x2  
  42  3:36  Probe  
  42  3:37  Probe, Nexus  
  42  3:40  Pylon  
  44  3:46  Probe  
  45  3:54  Mothership Core (Chrono Boost)  
  46  3:58  Pylon  
  46  3:59  Probe (Chrono Boost)  
  47  4:10  Probe (Chrono Boost)  
  47  4:13  Probe (Chrono Boost)  
  47  4:14  Assimilator  
  47  4:16  Pylon, Assimilator  
  48  4:20  Probe (Chrono Boost)  
  48  4:23  Dark Templar  
  52  4:24  Probe (Chrono Boost)  
  52  4:30  Dark Templar  
  52  4:31  Probe (Chrono Boost)  
  53  4:35  Probe (Chrono Boost)  
  54  4:40  Gateway, Forge  
  54  4:41  Probe (Chrono Boost), Gateway  
  54  4:45  Probe (Chrono Boost)  
  56  4:51  Pylon  
  56  4:52  Stargate x2, Probe (Chrono Boost)  
  57  4:53  Probe (Chrono Boost)  
  57  4:56  Probe (Chrono Boost)  
  59  5:02  Sentry  
  59  5:03  Probe (Chrono Boost)  
  62  5:09  Probe x2 (Chrono Boost)  
  64  5:14  Probe (Chrono Boost)  
  64  5:20  Probe (Chrono Boost)  
  64  5:21  Probe (Chrono Boost)  
  66  5:23  Charge (Chrono Boost)  
  66  5:24  Probe (Chrono Boost)  
  67  5:30  Probe (Chrono Boost)  
  67  5:31  Probe (Chrono Boost)  
  67  5:32  Assimilator  
  67  5:34  Probe (Chrono Boost)  
  70  5:36  Void Ray (Chrono Boost)  
  70  5:37  Assimilator  
  70  5:42  Void Ray (Chrono Boost)  
  78  5:43  Probe  
  78  5:45  Probe  
  78  5:46  Probe  
  81  5:50  Pylon  
  81  5:52  Pylon  
  81  5:53  Pylon  
  81  5:54  Probe  
  82  5:57  Probe  
  83  6:05  Probe  
  83  6:07  Probe  
  83  6:09  Void Ray (Chrono Boost)  
  85  6:15  Void Ray (Chrono Boost)  
  89  6:19  Pylon, Protoss Ground Weapons Level 1  
  89  6:21  Probe  
  89  6:22  Probe x2, Pylon  
  94  6:27  Sentry, Zealot x2  
  100  6:33  Probe  
  100  6:34  Probe, Gateway  
  100  6:35  Gateway  
  102  6:40  Gateway  
  102  6:42  Gateway  
  102  6:44  Templar Archives  
  102  6:47  Robotics Facility  
  102  6:49  Photon Cannon  
  102  6:53  Photon Cannon, Oracle  
  102  6:55  Pylon  
  102  6:59  Void Ray  
  109  7:14  Zealot x3  
  115  7:16  Pylon, Resonating Glaives (Chrono Boost)  
  115  7:26  Robotics Facility  
  115  7:27  Robotics Facility  
  119  7:37  Immortal (Chrono Boost)  
  119  7:46  Zealot  
  119  7:47  Zealot x5  
  129  8:06  Photon Cannon  
  129  8:12  High Templar x3  
  135  8:14  Immortal (Chrono Boost)  
  135  8:17  Nexus  
  135  8:19  Pylon  
  139  8:22  Archon, Pylon  
  139  8:23  Pylon  
  139  8:24  Pylon  
  139  8:28  Pylon  
  139  8:31  Pylon  
  139  8:33  Pylon  
  139  8:38  Immortal x2 (Chrono Boost)  
  139  8:39  Zealot  
  139  8:40  Pylon  
  149  8:41  High Templar  
  149  8:42  Pylon, Zealot x2  
  156  8:49  Observer (Chrono Boost)  
  156  8:50  Archon  
  156  8:51  Zealot x3  
  162  9:01  Zealot  
  156  9:11  Immortal (Chrono Boost)  
  156  9:12  Immortal (Chrono Boost)  
  156  9:13  Zealot x4  
  172  9:20  Sentry x2  
  172  9:22  Immortal (Chrono Boost)  
  168  9:31  Zealot  
  162  9:41  Zealot x3  
  167  9:45  Immortal (Chrono Boost)  
  167  9:47  Immortal (Chrono Boost)  
  167  9:50  Zealot x3  
  177  9:56  Observer (Chrono Boost)  
  176  10:01  Zealot x3  
  176  10:05  Sentry  
  184  10:14  Zealot, Assimilator  
  184  10:15  Observer (Chrono Boost)  
  184  10:18  Sentry x2  
  184  10:20  Observer (Chrono Boost), Assimilator  
  192  10:25  Photon Cannon  
  192  10:26  Dark Templar x2, Photon Cannon  
  196  10:28  Photon Cannon  
  196  10:29  Stalker  
  178  10:38  Zealot x2  
  162  10:44  Immortal (Chrono Boost)  
  162  10:45  Immortal (Chrono Boost)  
  162  10:47  Zealot x2  
  160  10:53  Zealot  
  148  10:58  Dark Templar  
  148  10:59  Dark Templar x3  
  148  11:01  Observer (Chrono Boost)  
  145  11:13  Zealot x3  
  115  11:18  Observer (Chrono Boost)  
  115  11:19  Observer (Chrono Boost)  
  93  11:32  Zealot x4  
  99  11:33  Immortal (Chrono Boost)  
  99  11:37  Immortal (Chrono Boost)  
  105  11:44  Zealot  
  105  11:45  Zealot x2  
  107  11:47  Immortal (Chrono Boost)  
  107  11:53  High Templar x2  
  111  12:01  Zealot  
  111  12:02  Archon  
  111  12:08  Immortal (Chrono Boost)  
  117  12:11  Immortal (Chrono Boost)  
  117  12:14  Zealot x3  
  125  12:21  Nexus, Immortal (Chrono Boost)  
  129  12:23  Dark Templar  
  129  12:29  Zealot x2  
  135  12:36  Dark Templar  
  137  12:37  Zealot x2  
  137  12:38  Zealot  
  137  12:43  Immortal (Chrono Boost)  
  145  12:48  Warp Prism (Chrono Boost)  
  147  12:52  High Templar  
  147  12:53  High Templar  
  151  13:01  Archon, High Templar x2  
  155  13:06  Immortal (Chrono Boost)  
  155  13:07  Archon, Zealot x2  
  155  13:10  Pylon  
  161  13:12  Pylon  
  161  13:15  Assimilator  
  159  13:20  Zealot, Assimilator  
  153  13:31  Zealot x4  
  135  13:36  Dark Templar x2  
  123  13:47  High Templar  
  122  13:49  Immortal (Chrono Boost)  
  122  13:54  Dark Templar x3  
  128  13:55  Zealot  
  128  13:58  Archon  
  130  14:02  Probe  
  130  14:04  Probe x3  
  134  14:13  High Templar x2  
  134  14:15  High Templar  
  134  14:16  Probe x2  
  142  14:18  Observer x2 (Chrono Boost)  
  142  14:20  Probe  
  142  14:21  Probe  
  142  14:22  Archon  
  146  14:25  Archon  
  146  14:28  Probe  
  146  14:30  Probe x2  
  144  14:33  Immortal (Chrono Boost)  
  144  14:34  Zealot x2  
  144  14:35  Zealot  
  144  14:38  Mothership Core  
  157  14:45  Dark Templar  
  157  14:49  Zealot x3  
  163  14:55  Observer x2 (Chrono Boost)  
  158  15:00  Dark Templar  
  158  15:01  Dark Templar x2  
  164  15:13  Zealot x3  
  170  15:20  Zealot  
  170  15:34  Zealot  
  170  15:37  Zealot x4  
  170  15:40  Phoenix x2 (Chrono Boost)  
  176  15:48  Archon  
Show
View Real Time Build Order
Export as new Build Order

KingkOng Zerg 

Build Orders: 3 Hatch before Pool, Lurkers 

Get SALT Encoding   

  12  0:00  Drone  
  13  0:13  Overlord  
  13  0:17  Drone  
  14  0:31  Drone x2  
  14  0:35  Drone  
  17  0:52  Hatchery  
  17  0:54  Drone  
  17  0:57  Drone  
  18  1:19  Hatchery  
  18  1:23  Drone x2  
  19  1:32  Extractor  
  18  1:37  Spawning Pool  
  17  1:42  Drone  
  17  1:44  Drone  
  19  1:50  Drone  
  20  2:01  Drone  
  20  2:04  Drone  
  22  2:12  Overlord  
  22  2:25  Queen x2  
  26  2:31  Queen  
  26  2:35  Metabolic Boost  
  28  2:40  Zergling x4  
  28  2:42  Zergling x2  
  28  2:43  Zergling x2  
  32  2:46  Zergling x2  
  32  2:50  Overlord  
  33  2:53  Drone  
  34  3:10  Drone x5  
  34  3:12  Drone x2  
  41  3:16  Overlord  
  41  3:17  Drone, Extractor  
  41  3:28  Drone  
  42  3:37  Drone  
  42  3:38  Drone x7  
  50  3:43  Roach Warren  
  50  3:45  Drone  
  50  3:47  Extractor  
  49  3:51  Overlord  
  49  3:57  Overlord  
  49  4:05  Overlord  
  48  4:23  Roach  
  48  4:24  Roach x7  
  66  4:25  Roach  
  66  4:28  Roach  
  70  4:31  Spore Crawler  
  70  4:34  Spore Crawler  
  70  4:36  Spore Crawler  
  65  4:41  Lair  
  65  4:43  Drone  
  66  4:46  Drone  
  66  4:47  Drone  
  68  4:54  Overlord  
  68  4:57  Overlord  
  68  5:01  Evolution Chamber  
  68  5:06  Overlord  
  67  5:07  Overlord  
  66  5:16  Drone x5  
  66  5:20  Drone x2  
  66  5:21  Drone  
  72  5:26  Drone x2  
  74  5:32  Zerg Missile Weapons Level 1  
  74  5:36  Drone x5  
  74  5:37  Drone  
  74  5:40  Overseer  
  80  5:43  Glial Reconstitution  
  80  5:45  Hydralisk Den  
  80  5:48  Drone x2  
  80  5:49  Extractor  
  80  5:50  Drone, Extractor  
  80  5:52  Drone  
  80  5:57  Overlord  
  80  5:58  Overlord  
  80  6:03  Overlord  
  79  6:05  Drone  
  79  6:07  Overlord  
  80  6:12  Overlord  
  80  6:14  Drone  
  80  6:15  Drone x5  
  86  6:19  Lurker Den  
  86  6:24  Drone  
  86  6:25  Drone x3  
  90  6:26  Drone, Extractor  
  90  6:27  Drone  
  90  6:28  Drone  
  92  6:33  Overlord  
  92  6:46  Overseer  
  92  6:51  Drone, Hydralisk x2  
  92  6:52  Hydralisk x2  
  92  6:54  Drone, Hatchery  
  101  6:58  Hydralisk x2  
  105  7:07  Overlord  
  105  7:08  Overlord  
  105  7:11  Hydralisk x3  
  111  7:17  Overlord  
  111  7:19  Overlord  
  111  7:26  Hydralisk x2  
  111  7:27  Overlord  
  115  7:35  Overlord  
  115  7:42  Overlord  
  114  7:46  Muscular Augments  
  114  7:47  Zerg Missile Weapons Level 2  
  114  7:50  Hydralisk x5  
  124  7:52  Roach x3  
  124  7:56  Overlord  
  124  7:57  Lurker x4  
  134  8:00  Roach x2  
  138  8:06  Hydralisk  
  138  8:07  Hydralisk x2  
  138  8:09  Hydralisk  
  146  8:13  Hydralisk  
  148  8:22  Zergling x12  
  148  8:23  Zergling x8  
  148  8:26  Overlord  
  158  8:27  Overseer x2  
  158  8:30  Overlord  
  158  8:33  Ravager x2  
  158  8:34  Ravager  
  161  8:37  Queen  
  161  8:39  Zergling x4  
  161  8:40  Zergling x4  
  167  8:43  Zergling x4  
  167  8:44  Zergling x4  
  167  8:45  Zergling x2  
  170  8:55  Ravager x5  
  175  8:57  Zergling x14  
  182  9:03  Zergling x4  
  171  9:13  Hydralisk x2  
  171  9:14  Hydralisk x4  
  163  9:40  Hydralisk x5  
  170  9:48  Hydralisk x4  
  175  9:55  Zergling x22  
  175  9:56  Zergling x6  
  187  10:08  Lurker x3  
  187  10:09  Zergling x2  
  187  10:10  Lurker  
  187  10:11  Zergling x4  
  194  10:18  Zerg Ground Armor Level 1, Zergling x2  
  194  10:19  Zergling x8, Extractor  
  198  10:23  Extractor  
  178  10:40  Zergling x10  
  178  10:41  Zergling x10  
  130  10:57  Overseer x2  
  130  11:00  Hydralisk x4  
  130  11:07  Zergling x4  
  130  11:08  Hydralisk  
  130  11:09  Overseer  
  97  11:29  Zergling x12  
  97  11:32  Roach x4  
  92  11:43  Hydralisk  
  92  11:46  Hydralisk x3  
  87  11:47  Hydralisk  
  87  11:48  Hydralisk  
  87  11:51  Queen  
  80  12:02  Hydralisk  
  80  12:03  Hydralisk x9  
  80  12:07  Overseer  
  100  12:11  Overlord  
  100  12:14  Hydralisk x2  
  104  12:20  Zergling x4  
  106  12:25  Zergling x2  
  106  12:26  Zergling x6  
  110  12:33  Zergling x10  
  115  12:48  Zergling x2  
  115  12:49  Zergling x16  
  124  13:04  Drone x6  
  127  13:10  Drone x3  
  130  13:14  Drone  
  130  13:15  Drone  
  100  13:40  Hydralisk  
  100  13:41  Hydralisk  
  74  13:51  Spire  
  74  13:54  Drone  
  74  13:55  Drone x11  
  84  13:56  Drone x3  
  84  13:59  Lurker x2  
  84  14:00  Lurker x4  
  92  14:13  Overseer  
  92  14:15  Spine Crawler  
  91  14:17  Zergling x10  
  91  14:18  Zergling x8  
  89  15:08  Mutalisk  
  89  15:09  Mutalisk x13  
  116  15:26  Mutalisk  
  116  15:27  Mutalisk x4  
  115  15:28  Mutalisk  
  107  15:39  Mutalisk  
  99  15:47  Mutalisk  
Tags
 
Add a new tag
Caveats
  • Supply blocks, unpowered buildings, or Contaminate may cause inaccurate times.
  • Supply counts are checked every 10 seconds.